 Dungeon Crawl Stone Soup version 0.32-a0-779-g362cfcae2a (webtiles) character file.

Game seed: 11892611308330521252

143 retardedninja the Trooper (level 5, -5/42 HPs)
             Began as a Coglin Fighter on Mar 18, 2024.
             Slain by a gnoll
             ... wielding a +0 spear
              (6 damage)
             ... on level 4 of the Dungeon on Mar 19, 2024.
             The game lasted 00:07:12 (2802 turns).

retardedninja the Trooper (Coglin Fighter)          Turns: 2802, Time: 00:07:15

Health: -5/42      AC:  8    Str: 18    XL:     5   Next: 25%
Magic:  5/5        EV:  8    Int:  8    God:
Gold:   217        SH:  0    Dex: 13    Spells: 4/4 levels left

rFire   . . .        a - +0 war axe {Surin}
rCold   . . .        l - +0 flail {Hong}
rNeg    . . .        b - +0 scale mail
rPois   .            k - +0 helmet
rElec   .            (no cloak)
rCorr   .            (no gloves)
SInv    .            (no boots)
Will    .....        (amulet unavailable) Stlth
                     (ring unavailable)
HPRegen 0.27/turn    (ring unavailable)
MPRegen 0.09/turn    (no gizmo)

%: no passive effects
@: no status effects
A: off-hand wielding, slow wielding, warmup strikes, no jewellery
a: Invent Gizmo, Convert to Beogh


You were on level 4 of the Dungeon.
You visited 1 branch of the dungeon, and saw 4 of its levels.

You collected 217 gold pieces.

Inventory:

Hand Weapons
 a - a +0 war axe (weapon) {Surin}
 l - a +0 flail (offhand) {Hong}
Armour
 b - a +0 scale mail (worn)
 c - a +0 buckler
 k - a +0 helmet (worn)
Scrolls
 e - a scroll of enchant weapon {unknown}
 f - a scroll of fog {unknown}
 g - 2 scrolls of identify {unknown}
 h - a scroll of fear {unknown}
 j - a scroll of blinking {unknown}
 m - 4 scrolls of teleportation {unknown}
 o - a scroll of amnesia {unknown}
 p - a scroll of revelation {unknown}
 q - a scroll of enchant armour {unknown}
Potions
 d - a potion of might
 i - 2 potions of curing
 n - a potion of mutation {unknown}


   Skills:
 * Level 4.2 Fighting
 * Level 3.6 Axes
 + Level 3.3 Armour
 - Level 2.2 Shields


You had 4 spell levels left.
You didn't know any spells.
Your spell library contained the following spells:

 Spells                   Type           Power      Damage    Failure   Level
 Sandblast                Erth           0%         2d4       80%         1
 Dazzling Flash           Conj/Hex       0%         N/A       99%         3
 Mephitic Cloud           Conj/Alch/Air  0%         N/A       99%         3
 Stone Arrow              Conj/Erth      0%         3d7       99%         3
 Brom's Barrelling Bould  Conj/Erth      0%         2d3       100%        4
 Olgreb's Toxic Radiance  Alch           0%         N/A       100%        4
 Curse of Agony           Necr           0%         N/A       100%        5
 Silence                  Hex/Air        0%         N/A       100%        5
 Ozocubu's Refrigeration  Ice            0%         4d7       100%        7
 Discord                  Hex            0%         N/A       100%        8


Dungeon Overview and Level Annotations

Branches:
Dungeon (4/15)
 Temple: D:4-7

Altars:

Shops:
D:1 :


Innate Abilities, Weirdness & Mutations

You can wield a second weapon in your off-hand.
It takes a long time for you to wield or remove held weapons.
Your first few attacks do less damage.
You cannot equip rings or amulets.


Message History

Key pressed, stopping explore.
q - a scroll labelled XAESTRA SADU You open the door.
You open the large door.
An orc priest, 8 gnolls, an orc and a kobold brigand come into view.
The orc priest is wielding a +1 flail of holy wrath.
The kobold brigand is wielding a +0 dagger and quivering curare-tipped darts.
The gnoll shouts! x2; The gnoll bouda shouts!
The orc shouts!
The gnoll shouts! x3
The kobold brigand shouts!
The gnoll shouts! x2; You hear a shout! x2
The orc priest mumbles some strange prayers to Beogh against you.
Beogh smites you!
The gnoll bouda barks out a call to the hunt!
The gnolls pick up the pace!
A gnoll comes into view. It is wielding a +0 club.
The gnoll closely misses you.
You hear a shout!
Found a scroll labelled XAESTRA SADU.
The gnoll attacks as it pursues you! The gnoll hits you but does no damage.
The gnoll attacks as it pursues you!
The gnoll hits you from afar with a +0 spear.
The orc priest shouts, "Surrender to Beogh and we'll let you live!" (press Y on the ability menu to convert to Beogh)
There is a huge open gate here.
The orc priest looks satisfied for a moment.
The gnoll hits you but does no damage. The gnoll hits you with a +0 flail.
The orc priest calls down the wrath of Beogh upon you.
Beogh smites you!
* * * LOW HITPOINT WARNING * * *
The gnoll attacks as it pursues you! The gnoll hits you but does no damage.
You feel better.
An orc comes into view. It is wielding a +0 flail.
The gnoll hits you but does no damage.
The gnoll hits you from afar with a +0 halberd!
* * * LOW HITPOINT WARNING * * *
The gnoll hits you but does no damage.
The orc priest calls down the wrath of Beogh upon you.
Beogh smites you!
* * * LOW HITPOINT WARNING * * *
The gnoll attacks as it pursues you!
The gnoll hits you from afar with a +0 spear.
You die...

..........#..................#
.#......#.....................
#......###..........##...#'#.
#.....####..........##...#.#<
#.###.#.<.......#.....##...#.##
#.......#####.).###########....
........÷÷....÷................
≈~~~~~~~)~~≈~~....~~~≈~~≈~~~~~~
≈≈≈~~≈~≈≈≈≈≈≈~@...~≈≈≈≈≈≈≈≈≈~≈≈
##~~~≈~~~~~~~≈.g..~~≈~~~~≈~≈≈≈#
#............g...............#
#############'g''#############
#go..####### # +..o.'.....+
#g.K.####### ##og## .g...


You could see a kobold brigand, a gnoll bouda, an orc priest, 5 gnolls and 2
orcs.

Vanquished Creatures
  Robin (D:2)
  6 adders
  3 dart slugs
  2 orcs (D:4)
  3 ball pythons
  8 bats
  6 endoplasms
  2 giant cockroaches (D:2)
  12 goblins
  9 hobgoblins
  4 jackals (D:4)
  A quokka (D:2)
  2 frilled lizards (D:2)
  5 kobolds
  5 rats
69 creatures vanquished.

Notes
Turn   | Place    | Note
-------+----------+-------------------------------------------
     0 | D:1      | retardedninja the Coglin Fighter began the quest for the
                  | Orb.
     0 | D:1      | Reached XP level 1. HP: 18/18 MP: 1/1
   170 | D:1      | Reached XP level 2. HP: 24/24 MP: 2/2
   366 | D:1      | Found Jiadd's Book Boutique.
   743 | D:1      | Found a faded altar of an unknown god.
   803 | D:2      | Reached XP level 3. HP: 29/29 MP: 3/3
   958 | D:2      | Noticed Robin
   970 | D:2      | Upgraded the game from 0.32-a0-768-g0f6f1dd4b9 to
                  | 0.32-a0-779-g362cfcae2a
   982 | D:2      | Killed Robin
   983 | D:2      | Reached XP level 4. HP: 17/37 MP: 4/4
  1638 | D:3      | Identified the +7 dagger of Causality {venom, rN+}
  2141 | D:3      | Reached skill level 4 in Fighting
  2325 | D:4      | Reached XP level 5. HP: 42/42 MP: 5/5
  2795 | D:4      | Noticed a kobold brigand
  2802 | D:4      | HP: 1/42 [orc priest/divine providence (11)]
  2802 | D:4      | Slain by a gnoll

Illustrated notes

Levels and vault maps discovered:
D:1:      lightli_arrival_boilingwater, layout_loops_ring, serial_shops, shop,
          shapermc_ecumenical_altar_mp_highgroup
D:2:      layout_basic, minmay_misc_feat_hallway, uniq_robin
D:3:      layout_basic
D:4:      lemuel_castle_with_subvaults [lemuel_castle_interior_original],
          layout_basic

Skill      XL: |  1  2  3  4 |
---------------+-------------+-----
Armour         | 3 |  3.3
Axes           | 3 |  3.6
Fighting       | 4 |  4.2
Shields        | |  2.2

Action                     |  1- 3 |  4- 6 || total
---------------------------+-------+-------++-------
  Melee: War axe           |    75 |    57 ||   132
         Flail             |       |    49 ||    49
    Use: Potion            |       |     5 ||     5
 Armour: Scale mail        |    55 |    75 ||   130
  Dodge: Dodged            |    33 |    54 ||    87
  Block: Buckler           |    14 |     4 ||    18

Table legend: (Time is in decaauts)
 A = Elapsed time spent in this place.
 B = Non-inter-level travel time spent in this place.
 C = Inter-level travel time spent in this place.
 D = Time resting spent in this place.
 E = Time spent auto-exploring this place.
 F = Levels seen in this place.
 G = Mean time per level.
                   A        B        C        D        E       F      G
               +--------+--------+--------+--------+--------+-----+--------+
         Total |   2856 |   2817 |     39 |    330 |   2029 |   4 |  714.0 |
       Dungeon |   2856 |   2817 |     39 |    330 |   2029 |   4 |  714.0 |
               +--------+--------+--------+--------+--------+-----+--------+

Top non-repeatable levels by time:
     D:1: 814 daAuts
     D:2: 736 daAuts
     D:3: 724 daAuts
     D:4: 580 daAuts
